 Dungeon Crawl Stone Soup version 0.28.0-43-g3370ac3207 (webtiles) character file.

Game seed: 1627632043714715064

23 Dvallin the Ruffian (level 3, 35/35 HPs)
             Began as an Ogre Transmuter on Mar 1, 2022.
             Quit the game on level 2 of the Dungeon.
             The game lasted 00:04:52 (1115 turns).

Dvallin the Ruffian (Ogre Transmuter)               Turns: 1115, Time: 00:04:52

Health: 35/35      AC:  3    Str: 14    XL:     3   Next: 0%
Magic:  5/6        EV: 10    Int: 14    God:
Gold:   73         SH:  0    Dex: 11    Spells: 5/6 levels left

rFire   . . .      SeeInvis .     - Unarmed
rCold   . . .      Faith    .   (no shield)
rNeg    . . .      Spirit   .   a - +0 robe
rPois   .          Reflect  .   (helmet restricted)
rElec   .          Harm     .   (no cloak)
rCorr   .          Rampage  .   (gloves unavailable)
Will    .....                   (boots unavailable)
Stlth   +.........              (no amulet)
HPRegen 0.11/turn               (no ring)
MPRegen 0.10/turn               (no ring)

@: no status effects
A: large, unfitting armour, tough skin 1
a: no special abilities


You were on level 2 of the Dungeon.
You visited 1 branch of the dungeon, and saw 2 of its levels.

You collected 73 gold pieces.

Inventory:

Missiles
 c - 65 stones
Armour
 a - a +0 robe (worn)
Scrolls
 b - 2 scrolls of identify {unknown}
 d - a scroll of torment {unknown}
 e - 3 scrolls of brand weapon {unknown}
 f - 2 scrolls of fear {unknown}
Potions
 g - a potion of berserk rage {unknown}


   Skills:
 + Level 2.2 Fighting
 - Level 1.7 Dodging
 * Level 3.3 Unarmed Combat
 - Level 2.4 Spellcasting
 + Level 2.0 Transmutations


You had 5 spell levels left.
You knew the following spells:

 Your Spells              Type           Power      Damage    Failure   Level
a - Beastly Appendage     Tmut           14%        N/A       10%         1

Your spell library contained the following spells:

 Spells                   Type           Power      Damage    Failure   Level
 Wereblood                Tmut           7%         N/A       16%         2
 Spider Form              Tmut/Pois      4%         N/A       41%         3
 Ice Form                 Ice/Tmut       4%         N/A       83%         4


Dungeon Overview and Level Annotations

Branches:
Dungeon (2/15)

Altars:


Innate Abilities, Weirdness & Mutations

You are too large for most types of armour.
You have tough skin. (AC +1)


Message History

You hit the worm. Your kick misses the worm.
The worm is severely wounded.
The worm barely misses you.
You barely miss the worm.
The worm is severely wounded.
You punch the worm!
You kill the worm!
Your Transmutations skill increases to level 2!
You see here a worm corpse.
A frilled lizard comes into view.
The frilled lizard hisses angrily.
The frilled lizard closely misses you.
You hit the frilled lizard.
You kill the frilled lizard!
Your transformation is almost over.
Your horns disappear.
Your talons disappear.
A quokka comes into view.
Casting: Beastly Appendage (safe; 10% risk of failure)
Confirm with . or Enter, or press ? or * to list all spells.
You grow a pair of large bovine horns.
Your feet morph into talons.
The quokka misses you.
The quokka bites you but does no damage.
You completely miss the quokka. Your kick misses the quokka.
You headbutt the quokka.
You kill the quokka!
You have reached level 3!
Your experience leads to an increase in your attributes!
Increase (S)trength, (I)ntelligence, or (D)exterity?
You feel agile. x2; You feel stronger.
You see here a quokka corpse.
Your transformation is almost over.
Found 13 gold pieces.
Your horns disappear.
Your talons disappear.
Found a stone staircase leading up.
You now have 73 gold pieces (gained 13).
Are you sure you want to abandon this character and quit the game? (Confirm with "yes".)
Okay, then.
Unknown command.
Unknown command.
Are you sure you want to abandon this character and quit the game? (Confirm with "yes".)

...♣♣..♣
♣♣.♣.†♣♣ #.#
.# ♣♣♣.♣.♣♣♣
#.# .#
♣♣♣...♣♣♣♣ #.#
..# ♣♣.♣.♣.♣♣
#.##.. ♣
♣♣♣♣...♣♣#....
♣ ♣♣♣..♣#..# ♣
♣♣.♣#..# ♣♣
♣....@# .♣♣
♣♣♣#..# †.♣
#<.# ..♣♣ #..#
♣..♣ #..# ♣..♣
#..# ♣♣.♣ #..#
..♣ #... ..♣


There were no monsters in sight!

Vanquished Creatures
  A worm (D:2)
  A dart slug (D:1)
  A ball python (D:1)
  2 goblins (D:1)
  2 hobgoblins (D:1)
  A kobold (D:1)
  3 quokkas
  A bat (D:1)
  5 frilled lizards
  2 rats (D:1)
19 creatures vanquished.

Notes
Turn   | Place    | Note
-------+----------+-------------------------------------------
     0 | D:1      | Dvallin the Ogre Transmuter began the quest for the Orb.
     0 | D:1      | Reached XP level 1. HP: 19/19 MP: 3/3
   220 | D:1      | Reached skill level 3 in Unarmed Combat
   260 | D:1      | Reached XP level 2. HP: 28/28 MP: 3/5
   468 | D:1      | Found a faded altar of an unknown god.
  1066 | D:1      | You fall into a shaft and drop 1 floor!
  1101 | D:2      | Reached XP level 3. HP: 35/35 MP: 4/6
  1115 | D:2      | Quit the game

Illustrated notes

Levels and vault maps discovered:
D:1:      minmay_arrival_shattered_statue, layout_loops_corners,
          hellmonk_ecumenical_altar_blasted
D:2:      kb_forest_paths, layout_basic, serial_shops, shop, uniq_sigmund,
          uniq_terence

Skill      XL: |  1  2 |
---------------+-------+-----
Unarmed Combat | 3 |  3.3
Fighting       | 2 |  2.2
Transmutations | 2 |  2.0
Dodging        | |  1.7
Spellcasting   | |  2.4

Action                   || total
-------------------------++-------
Melee: Unarmed           ||    61
       Kick              ||     5
       Headbutt          ||     3
       Punch             ||     2
 Cast: Beastly Appendage ||    14
Armor: Robe              ||    12
Dodge: Dodged            ||    24
